 Dungeon Crawl Stone Soup version 0.19-a0-650-gab89c2a (webtiles) character file.

74 Musica the Magician (level 4, -2/27 HPs)
             Began as an Octopode Wizard on June 15, 2016.
             Killed by divine providence
             ... invoked by an orc priest
              (11 damage)
             ... on level 3 of the Dungeon.
             The game lasted 00:13:12 (2306 turns).

Musica the Magician (Octopode Wizard)               Turns: 2306, Time: 00:13:12

Health: -2/27      AC:  1    Str:  5 (6)  XL:     4   Next: 30%
Magic:  15/19      EV: 12    Int: 18 (21) God:
Gold:   76         SH:  2    Dex:  7 (10) Spells: 5 memorised, 2 levels left

rFire  . . .     SeeInvis .     o - +0 short sword
rCold  . . .     Gourm    .     (no shield)
rNeg   . . .     Faith    .     a - +0 hat
rPois  .         Spirit   .     p - +2 amulet of reflection
rElec  .         Dismiss  .     e - ring of magical power
rCorr  .         Reflect  +     (no ring)
SustAt .         Harm     .     (no ring)
MR     .....                    (no ring)
Stlth  +++.......               (no ring)
                                (no ring)
                                (no ring)
                                (no ring)

@: not resistant to hostile enchantments, fairly stealthy
A: almost no armour, amphibious, 8 rings, constrict 8, camouflage 1, gelatinous
body 1
a: no special abilities


You were on level 3 of the Dungeon.
You were not hungry.

You visited 1 branch of the dungeon, and saw 3 of its levels.

You collected 76 gold pieces.

Inventory:

Hand Weapons
 o - a +0 short sword (weapon)
 u - a +0 hunting sling
Missiles
 j - 26 sling bullets
Armour
 a - a +0 hat (worn)
Jewellery
 d - an uncursed ring of protection from cold
 e - a ring of magical power (left tentacle)
 l - an uncursed ring of sustain attributes
 p - a +2 amulet of reflection (around mantle)
 t - an uncursed amulet of rage
Scrolls
 f - 2 scrolls of identify
 g - a scroll of fog
 i - a scroll of amnesia {unknown}
 k - a scroll of blinking {unknown}
 r - a scroll of immolation {unknown}
Potions
 m - a potion of cancellation
 q - a potion of magic {unknown}
 s - a potion of curing {unknown}
Books
 b - a book of Minor Magic

   Spells                             Type                      Level
   a - Magic Dart                     Conjuration                  1
   b - Blink                          Translocation                2
   c - Call Imp                       Summoning                    2
   d - Repel Missiles                 Charms/Air                   2
   e - Slow                           Hexes                        2
   f - Conjure Flame                  Conjuration/Fire             3
   g - Mephitic Cloud                 Conjuration/Poison/Air       3
Comestibles
 c - a bread ration
 n - 3 beef jerkies


   Skills:
 - Level 0.2 Short Blades
 - Level 2.0 Dodging
 - Level 2.6 Stealth
 + Level 4.5 Spellcasting
 + Level 1.3 Conjurations
 - Level 1.1 Summonings
 - Level 1.2 Translocations


You had 2 spell levels left.
You knew the following spells:

 Your Spells              Type           Power        Failure   Level  Hunger
a - Magic Dart            Conj           #...         12%         1    None
b - Blink                 Tloc           N/A          14%         2    #......
c - Call Imp              Summ           #.......     14%         2    #......
d - Repel Missiles        Chrm/Air       #.....       21%         2    #......
e - Mephitic Cloud        Conj/Pois/Air  #.......     34%         3    ###....


Dungeon Overview and Level Annotations

Branches:
Dungeon (3/15)

Altars:


Innate Abilities, Weirdness & Mutations

You cannot wear most types of armour.
You are amphibious.
You can wear up to eight rings at the same time.
You can use your tentacles to constrict eight enemies at once.
Your skin changes colour to match your surroundings (Stealth+).
Your rubbery body absorbs attacks. (AC +1)


Message History

A shadowy apparition takes form in the air.
Your crimson imp blinks!
Your crimson imp blinks!
What do you say? t - Shout!
Orders for allies: a - Attack new target. r - Retreat! s - Stop attacking. w - Wait here. f - Follow me.
Anything else - Stay silent.
Gang up on whom?
Press: ? - help, Dir - move target cursor, f - orc priest
Aim: an orc priest, wielding a trident Attack!
You hear a shout! x2
Your crimson imp barely misses the orc priest.
The orc priest barely misses you.
Your crimson imp closely misses the orc priest.
The orc priest invokes the aid of Beogh against you.
Beogh smites you!
You die...

#.......#.#......#...o.##
#......#..#.##.?..o...##
#........##..#.#.##.#.###
#.......###o.o...........
#.....o..5)o..#..8..#o..o
##....o####o..##$..##...#
####..55##
#...#######..##
.>.....5.###...##!.$##..#
.....?...@.....#..8.. ..#
.......#..##......... #
.......##............ .#
####### .....####....##.#
###..# ###....o.## ..#
#.....<...K ...
#.####o.o.. ... #>##..
#.. #


You could see an orc priest, 2 friendly crimson imps and a friendly shadow imp.

Vanquished Creatures
  2 adders (D:2)
  A dart slug (D:2)
  A giant gecko (D:1)
  3 bats
  4 giant cockroaches
  8 goblins
  7 hobgoblins
  2 jackals (D:2)
  5 giant newts
  4 kobolds
  5 rats
42 creatures vanquished.

Vanquished Creatures (collateral kills)
  2 worms
  An orc (D:3)
  A giant cockroach (D:1)
  A quokka (D:2)
5 creatures vanquished.

Grand Total: 47 creatures vanquished

Notes
Turn   | Place    | Note
--------------------------------------------------------------
     0 | D:1      | Musica the Octopode Wizard began the quest for the Orb.
     0 | D:1      | Reached XP level 1. HP: 11/11 MP: 4/4
   298 | D:1      | Reached XP level 2. HP: 13/17 MP: 6/6
   302 | D:1      | Learned a level 2 spell: Blink
   356 | D:1      | Learned a level 2 spell: Call Imp
  1013 | D:2      | Reached XP level 3. HP: 21/21 MP: 8/8
  1146 | D:2      | Reached skill level 4 in Spellcasting
  1657 | D:2      | Learned a level 2 spell: Repel Missiles
  1664 | D:2      | Reached XP level 4. HP: 22/27 MP: 10/10
  2267 | D:2      | Learned a level 3 spell: Mephitic Cloud
  2306 | D:3      | Killed from afar by an orc priest

Vault maps used:
D:1:      dpeg_arrival_central, minmay_misc_feat_encased, minivault_25
D:3:      tso_altar, old_standard_altar, first_bread, mrwooster_statue_mirror

Skill      XL: |  1  2  3 |
---------------+----------+-----
Spellcasting   | 4 |  4.5
Short Blades   | |  0.2
Dodging        | |  2.0
Stealth        | |  2.6
Conjurations   | |  1.3
Summonings     | |  1.1
Translocations | |  1.2

Action                   |  1- 3 |  4- 6 || total
-------------------------+-------+-------++-------
Melee: Unarmed           |    22 |       ||    22
       Constrict         |    13 |     1 ||    14
       Tentacles         |     6 |       ||     6
       Short sword       |    30 |     2 ||    32
 Cast: Magic Dart        |    51 |    31 ||    82
       Call Imp          |     6 |     3 ||     9
       Blink             |     1 |       ||     1
  Use: Potion            |     3 |       ||     3
       Scroll            |     1 |     2 ||     3
 Stab: Sleeping          |     8 |       ||     8
  Eat: Chunk             |     2 |     1 ||     3
       Fruit             |       |     2 ||     2
Armor: Skin              |     6 |       ||     6
Dodge: Dodged            |    40 |     6 ||    46
